 Seeded DCSS version 0.28.0-43-g3370ac3207 (webtiles) character file.

Game seed: 4592842077123783044 (custom seed)

434 dualclasshuman the Magician (level 7, -1/45 HPs)
             Began as a Djinni Fire Elementalist on Mar 21, 2022.
             Was an Initiate of Makhleb.
             Slain by a jackal (2 damage)
             ... on level 4 of the Dungeon on Mar 25, 2022.
             The game lasted 00:09:01 (3988 turns).

dualclasshuman the Magician (DjFE)                  Turns: 3988, Time: 00:09:02

Health: -1/45      AC:  3    Str:  7    XL:     7   Next: 20%
Gold:   145        EV: 12    Int: 18    God:    Makhleb [......] SH:  0 Dex: 14

rFire   + + .      SeeInvis .   m - +10 mace of Magnificence {flame, Fragile +Blink Stlth+}
rCold   x . .      Faith    .   (no shield)
rNeg    . . .      Spirit   .   a - +0 robe
rPois   ∞          Reflect  .   (no helmet)
rElec   .          Harm     .   k - +0 cloak
rCorr   .          Rampage  .   (no gloves)
Will    .....                   (boots unavailable)
Stlth   +++.......              (no amulet)
HPRegen 0.15/turn               (no ring)
MPRegen 0.00/turn               (no ring)

@: flying
A: sickness immunity, fire resistance 2, cold vulnerability 1, float, innate
caster, HP casting, extra vitality 1
a: Renounce Religion, Evoke Blink


You were on level 4 of the Dungeon.
You worshipped Makhleb.
Makhleb was noncommittal.
You visited 1 branch of the dungeon, and saw 4 of its levels.

You collected 145 gold pieces.

Inventory:

Hand Weapons
 m - the +10 mace of Magnificence (weapon) {flame, Fragile +Blink Stlth+}
   (You found it on level 2 of the Dungeon)

   It burns those it strikes, dealing additional fire damage.
   +Blink:    It lets you blink.
   Fragile:   It will be destroyed if unequipped.
   Stlth:     It makes you more stealthy.
Missiles
 e - 6 curare-tipped darts
 f - 6 poisoned darts
Armour
 a - a +0 robe (worn)
 k - a +0 cloak (worn)
Magical Staves
 c - a staff of death
Jewellery
 p - an amulet of the acrobat
Wands
 t - a wand of paralysis (4)
Scrolls
 b - 4 scrolls of identify {unknown}
 d - a scroll of enchant armour {unknown}
 g - a scroll of enchant weapon {unknown}
 i - 2 scrolls of magic mapping {unknown}
 o - a scroll of acquirement {unknown}
 q - a scroll of vulnerability {unknown}
 s - a scroll of teleportation {unknown}
Potions
 h - 2 potions of mutation {unknown}
 j - 2 potions of attraction {unknown}
 l - a potion of invisibility {unknown}
 n - a potion of lignification {unknown}
 r - a potion of brilliance {unknown}
 u - a potion of might {unknown}


   Skills:
 + Level 0.1 Fighting
 + Level 0.1 Maces & Flails
 + Level 2.4 Dodging
 + Level 2.5 Stealth
 + Level 5.5 Spellcasting


You couldn't memorise any spells.
You knew the following spells:

 Your Spells              Type           Power      Damage    Failure   Level
a - Foxfire               Conj/Fire      96%        2x1d8     1%          1
b - Scorch                Fire           48%        2d7       1%          2
c - Conjure Flame         Conj/Fire      24%        6-21      4%          3
d - Inner Flame           Hex/Fire       24%        N/A       4%          3
e - Flame Wave            Conj/Fire      24%        2d7       13%         4
f - Freeze                Ice            96%        1d11      1%          1
g - Poisonous Vapours     Pois/Air       48%        N/A       1%          2
h - Portal Projectile     Hex/Tloc       48%        N/A       4%          3
Your spell library was empty.

Dungeon Overview and Level Annotations

Branches:
Dungeon (4/15)
 Temple: D:4-7

Altars:
Makhleb

Shops:
D:1 =****

Annotations:
D:4 1 runed translucent door, Crazy Yiuf


Innate Abilities, Weirdness & Mutations

You are immune to sickness and miasma.
You are immune to poison.
Your flesh is very heat resistant. (rF++)
You are vulnerable to cold. (rC-)
You float through the air rather than walking.
You learn spells naturally, not from books.
Your magical power is your life essence.
You have superior vitality. (+4 MHP)


Message History

Aim: a jackal Poisonous vapours surround the jackal!
The jackal is poisoned.
* * * LOW HITPOINT WARNING * * *
Casting: Poisonous Vapours (safe; 2% risk of failure)
Confirm with . or Enter, or press ? or * to list all spells.
Aiming: Inner Flame (dangerous; 4% risk of failure)
Press: ? - help, Dir - move target, f/p - jackal
Aim: a jackal (moderately wounded, poisoned, chance to affect: 89%)
The jackal is filled with an inner flame.
* * * LOW HITPOINT WARNING * * *
Unknown command.
Flame seeps out of the jackal.
The jackal is engulfed in blazing flames.
Makhleb accepts your kill.
The jackal explodes!
You hear a shout! x2
Casting: Inner Flame (dangerous; 4% risk of failure)
Confirm with . or Enter, or press ? or * to list all spells.
Flames lash the killer bee.
The killer bee is severely wounded.
The killer bee's fire resistance burns away.
* * * LOW HITPOINT WARNING * * *
The killer bee misses you.
Casting: Scorch (safe; 2% risk of failure)
Confirm with . or Enter, or press ? or * to list all spells.
Flames lash the killer bee.
The killer bee is burned terribly!
You kill the killer bee!
Makhleb accepts your kill.
* * * LOW HITPOINT WARNING * * *
The jackal barely misses you. The jackal bites you.
* * * LOW HITPOINT WARNING * * *
Casting: Scorch (safe; 1% risk of failure)
Confirm with . or Enter, or press ? or * to list all spells.
Flames lash the jackal.
You kill the jackal!
Makhleb accepts your kill.
* * * LOW HITPOINT WARNING * * *
The jackal bites you.
You die...

###.#..##......#.....#
#.#...).#........##..#
....#.............####
..###..#.........##
...# .###....#...#
...# .. ##...#...#
..... ## ##......##
.##...## ##........#
.# #.... .......@..#
.# ..># #..#...#hy#
.##...## ..##..#..##
........ ....#..☼#
#....... .....##..#
.......# ...#... ##..#
...#### ...#... .°..#
..### .# .... ..#☼§°.
....#


.hh .....# You could see a killer bee (inner flame) and a jackal (inner flame).

Vanquished Creatures
  A sky beast (D:3)
  4 killer bees (D:4)
  A hound (D:4)
  6 adders
  A worm (D:2)
  A dart slug (D:2)
  An orc (D:3)
  8 ball pythons
  6 endoplasms
  3 giant cockroaches
  6 goblins
  9 hobgoblins
  7 jackals
  3 kobolds
  3 quokkas
  4 bats
  6 frilled lizards
  8 rats
78 creatures vanquished.

Vanquished Creatures (collateral kills)
  5 foxfires (D:1)
5 creatures vanquished.

Vanquished Creatures (others)
  202 foxfires
  3 plants (D:1)
205 creatures vanquished.

Grand Total: 288 creatures vanquished

Notes
Turn   | Place    | Note
-------+----------+-------------------------------------------
     0 | D:1      | dualclasshuman the Djinni Fire Elementalist began the quest
                  | for the Orb.
     0 | D:1      | Reached XP level 1. HP: 15/15 MP: 0/0
   369 | D:1      | Found Vickarri's General Store.
   414 | D:1      | Found Hytrarch's General Store.
   443 | D:1      | Found Mumn's General Store.
   473 | D:1      | Reached XP level 2. HP: 16/21 MP: 0/0
   719 | D:1      | Found Nonosk's General Store.
   989 | D:1      | Reached XP level 3. HP: 21/25 MP: 0/0
   989 | D:1      | Learned a level 1 spell: Freeze
  1113 | D:1      | Reached skill level 3 in Spellcasting
  1232 | D:1      | Found Covamial's Jewellery Boutique.
  1932 | D:2      | Reached XP level 4. HP: 28/31 MP: 0/0
  2276 | D:2      | Identified the +10 mace of Magnificence {flame, Fragile
                  | +Blink Stlth+}
  2802 | D:3      | Noticed a sky beast
  2808 | D:3      | Killed a sky beast
  2809 | D:3      | Reached skill level 4 in Spellcasting
  2809 | D:3      | Reached XP level 5. HP: 24/35 MP: 0/0
  2809 | D:3      | Learned a level 2 spell: Poisonous Vapours
  3061 | D:3      | Found a burning altar of Makhleb.
  3084 | D:3      | Became a worshipper of Makhleb the Destroyer
  3245 | D:3      | Reached XP level 6. HP: 38/40 MP: 0/0
  3676 | D:4      | Found a runed translucent door.
  3677 | D:4      | Noticed Crazy Yiuf
  3971 | D:4      | Reached skill level 5 in Spellcasting
  3976 | D:4      | Reached XP level 7. HP: 12/45 MP: 0/0
  3976 | D:4      | Learned a level 3 spell: Portal Projectile
  3988 | D:4      | Slain by a jackal

Illustrated notes

Levels and vault maps discovered:
D:1:      tarquinn_simple_flora_water_e, layout_rooms, serial_shops, shop, shop,
          shop, shop, nicolae_shop_behind_doors, serial_bayou_pond_c,
          chequers_serial_rivers_micro_a, minmay_tall_x
D:2:      layout_loops_ring, minmay_tromino_v4_c
D:3:      layout_rooms, mainiacjoe_overflow_small_starburst,
          minmay_fractal_squares_gapless_5
D:4:      layout_cave_pools, nicolae_stop_n_shop_2, serial_bayou_pond_e,
          uniq_crazy_yiuf_cottage

Skill      XL: |  1  2  3  4  5  6 |
---------------+-------------------+-----
Stealth        | 2 |  2.5
Spellcasting   | 3 4 5 |  5.5
Fighting       | |  0.1
Maces & Flails | |  0.1
Dodging        | |  2.4

Action                   |  1- 3 |  4- 6 |  7- 9 || total
-------------------------+-------+-------+-------++-------
Melee: Mace              |       |     3 |       ||     3
 Cast: Foxfire           |    81 |    57 |       ||   138
       Scorch            |     4 |    12 |     3 ||    19
       Inner Flame       |       |    14 |     1 ||    15
       Poisonous Vapours |       |     6 |     1 ||     7
       Conjure Flame     |       |     2 |       ||     2
Armor: Robe              |     1 |       |       ||     1
Dodge: Dodged            |     6 |     4 |     2 ||    12
